Map: Dédale EC

Players

defer - Winner!

  • Race: Protoss Protoss
  • League: Diamond
  • Spawn Location: 7:00

IA (élite)

  • Race: Terran Terran
  • Spawn Location: 1:00

VOD

Have the link to the VOD?

Description

Time

  • Played on: Sept. 11, 2018, 1:52 p.m.
  • Length: 3:55
Show
View Real Time Build Order
Export as new Build Order

defer Protoss - Winner!

Build Orders:  

Get SALT Encoding   

  12  0:00  Probe  
  13  0:12  Probe  
  14  0:16  Pylon  
  14  0:24  Probe  
  15  0:34  Gateway  
  15  0:39  Assimilator  
  15  0:44  Probe  
  16  0:54  Pylon  
  16  0:56  Probe  
  17  1:08  Probe  
  18  1:12  Gateway  
  18  1:22  Cybernetics Core  
  18  1:30  Zealot  
  20  1:34  Probe  
  21  1:46  Probe  
  22  1:48  Stalker  
  22  1:49  Stalker  
  22  1:59  Probe  
  27  2:12  Probe, Assimilator  
  28  2:16  Stalker  
  30  2:24  Probe  
  30  2:29  Pylon  
  31  2:47  Stalker  
  33  2:55  Stalker  
  35  3:03  Shield Battery  
  35  3:16  Stalker  
  35  3:17  Stalker  
  38  3:48  Pylon  
Show
View Real Time Build Order
Export as new Build Order

IA (élite) Terran 

Build Orders:  

Get SALT Encoding   

  12  0:00  SCV  
  13  0:13  SCV  
  14  0:18  Supply Depot  
  14  0:25  SCV  
  15  0:39  SCV  
  15  0:41  Barracks  
  16  0:52  SCV  
  17  1:04  SCV  
  18  1:16  SCV  
  18  1:18  Supply Depot  
  19  1:22  Refinery  
  19  1:28  Marine, SCV  
  21  1:40  SCV  
  21  1:46  Marine  
  23  1:51  Barracks  
  23  1:52  SCV  
  24  1:56  Refinery  
  24  2:04  Marine, Supply Depot  
  24  2:05  SCV  
  26  2:17  SCV  
  26  2:22  Marine  
  28  2:28  Factory  
  28  2:29  Orbital Command  
  27  2:39  Marine  
  27  2:47  Marine  
  27  2:55  SCV  
  25  2:58  Barracks Tech Lab  
  25  3:05  Marine  
  23  3:07  SCV  
  19  3:19  SCV  
  11  3:31  SCV  
Tags
 
League
Diamond
Matchup
PvT
Spawn Locations
Cross Positions
Add a new tag
Caveats
  • Supply blocks, unpowered buildings, or Contaminate may cause inaccurate times.
  • Supply counts are checked every 10 seconds.